Description

This build order in really easy to execute. He is designed for both beginners and confirmed one.

Few tips :

  • Always do your wall ! Really important in this tutorial because many player will try some adept timing
  • Try to fake a Stargate: Do your first unit then start your tech before the warpgate
  • Take your third base after the warp prism
  • Add the forge after the third base
  • The DT drop is really standard: Try to kill the third if you can then do an archon drop. In this video I did a recall because an attack was coming
  • After the DT drop, start the +1 and charge
  • Attack at around 7min (start the +2)
  • Try to kill the third and if you are not sure about finishing the zerg, just go back

VOD

https://youtu.be/HdVk5RJr130

Replay - Codebar v zuka - Ephemeron LE

Build Order

Get SALT Encoding   

  12  0:00  Probe  
  13  0:13  Probe  
  14  0:20  Pylon  
  14  0:21  Probe  
  15  0:34  Probe  
  15  0:40  Gateway  
  16  0:45  Probe  
  16  0:48  Assimilator  
  17  0:57  Probe  
  18  1:05  Probe, Pylon  
  19  1:13  Probe  
  20  1:28  Nexus  
  20  1:38  Cybernetics Core  
  20  1:41  Probe  
  20  1:46  Assimilator  
  21  1:53  Probe  
  22  1:56  Pylon  
  22  2:04  Adept  
  25  2:19  Twilight Council  
  26  2:26  Warp Gate  
  27  2:37  Stalker  
  32  2:55  Robotics Facility  
  36  3:17  Dark Shrine  
  38  3:27  Gateway  
  38  3:32  Gateway  
  40  3:43  Gateway  
  40  3:44  Warp Prism  
  45  4:00  Pylon  
  45  4:07  Assimilator  
  45  4:14  Nexus  
  45  4:18  Pylon  
  47  4:34  Forge  
  49  4:48  Dark Templar x4  
  59  5:10  Protoss Ground Weapons Level 1  
  59  5:12  Charge  
  61  5:25  Immortal  
  67  5:30  Assimilator  
  70  5:45  Dark Templar  
  70  5:46  Zealot x3  
  80  5:55  Immortal  
  80  5:58  Archon x2  
  80  6:07  Gateway x2  
  76  6:20  Zealot x4  
  76  6:24  Immortal  
  77  6:33  Shield Battery x2  
  81  6:41  Gateway  
  84  6:48  Zealot x3  
  93  6:54  Immortal  
  93  6:56  Shield Battery x2  
  99  7:10  Gateway  
  99  7:12  Dark Templar x2  
  104  7:19  Archon  
  105  7:25  Protoss Ground Weapons Level 2  
  105  7:26  Dark Templar x2  
  109  7:30  Archon  
  109  7:46  Assimilator x2  
  105  8:48  Dark Templar  
  105  9:08  Immortal  
  101  9:24  Gateway x2  
  103  9:38  Immortal  
Spawning Tool Build Advisor. Get it on Overwolf

Go to:

Details

  • Created by: zuka      
  • Published on: Sep 23, 2019
  • Patch: 4.7.1
  • Difficulty: Easy
Show
View Real Time Build Order
Export as new Build Order

Comments (1)

On Jan. 28, 2021, 4:27 p.m., Nigel  said:

There is a mistake in the build, there should be no pylon at 1:05, delete it

Create an account to comment!